Map: Neon Violet Square LE

Players

Juxtapose - Winner!

  • Race: Terran Terran
  • League: Platinum
  • Spawn Location: 5:00

SentiNel

  • Race: Protoss Protoss
  • League: Platinum
  • Spawn Location: 11:00

VOD

https://youtu.be/pVY07f2XCo0

Description

Even though it was against the Versus AI, that win felt great. I decided to hope back into proper Versus, but Unranked this time to see if I could finally fare better against a human opponent.

Time

  • Played on: Feb. 11, 2018, 11:45 a.m.
  • Length: 7:30
Show
View Real Time Build Order
Export as new Build Order

Juxtapose Terran - Winner!

Build Orders:  

Get SALT Encoding   

  12  0:01  SCV  
  13  0:13  SCV  
  14  0:19  Supply Depot  
  14  0:25  SCV  
  15  0:41  SCV  
  16  0:43  Barracks  
  16  0:49  Supply Depot  
  16  0:53  SCV  
  17  1:05  SCV  
  17  1:06  Refinery  
  18  1:17  SCV  
  19  1:25  Refinery  
  19  1:31  Orbital Command  
  19  1:34  Marine  
  20  2:01  Barracks Reactor  
  20  2:03  SCV  
  21  2:10  Factory  
  21  2:15  SCV  
  22  2:28  SCV  
  23  2:39  Marine x2  
  23  2:41  Command Center  
  23  2:43  SCV  
  26  2:52  Engineering Bay  
  26  2:55  Factory Reactor  
  26  2:56  SCV  
  26  2:57  Marine x2  
  29  3:17  Marine x2  
  31  3:31  Missile Turret  
  31  3:39  Supply Depot  
  31  3:44  Terran Infantry Weapons Level 1  
  31  3:52  Supply Depot  
  31  3:53  Marine x2, Cyclone x2  
  39  4:10  Marine  
  39  4:11  Marine  
  41  4:20  Orbital Command  
  41  4:25  Cyclone x2  
  41  4:28  Marine  
  41  4:29  Marine  
  49  4:43  Missile Turret  
  49  4:46  Marine  
  49  4:47  Marine  
  51  4:57  Cyclone  
  51  4:59  Cyclone  
  57  5:04  Marine x2  
  59  5:08  Supply Depot  
  59  5:11  SCV x2  
  61  5:22  Marine  
  61  5:24  Supply Depot  
  62  5:29  Marine, SCV  
  62  5:30  SCV  
  65  5:37  Starport  
  65  5:41  SCV  
  65  5:42  SCV  
  67  5:44  Barracks  
  67  5:46  Refinery  
  67  5:50  Marine x2  
  67  5:53  SCV  
  67  5:54  SCV  
  67  5:57  Widow Mine x2  
  72  6:20  Marine x2  
  72  6:22  Cyclone x2  
  75  6:41  Marine x2  
  75  6:43  Starport Reactor  
  72  6:57  Marine  
  72  6:59  Marine x2  
Show
View Real Time Build Order
Export as new Build Order

SentiNel Protoss 

Build Orders: 1 Gate Expand, Colossus Rush 

Get SALT Encoding   

  12  0:01  Probe  
  13  0:13  Probe  
  14  0:21  Pylon  
  14  0:25  Probe  
  15  0:39  Probe (Chrono Boost)  
  15  0:40  Gateway  
  16  0:46  Assimilator  
  16  0:52  Probe (Chrono Boost)  
  17  0:58  Probe (Chrono Boost)  
  18  1:06  Probe  
  19  1:18  Probe  
  20  1:32  Nexus  
  20  1:39  Cybernetics Core  
  20  1:48  Assimilator  
  20  1:57  Pylon  
  20  2:01  Probe  
  21  2:13  Probe  
  21  2:14  Stalker (Chrono Boost)  
  24  2:25  Probe  
  25  2:37  Robotics Facility, Probe  
  26  2:49  Probe  
  27  2:52  Stalker  
  27  2:54  Probe  
  30  3:02  Probe  
  30  3:12  Shield Battery  
  30  3:18  Shield Battery  
  30  3:19  Probe  
  31  3:20  Probe  
  31  3:22  Stalker  
  34  3:27  Immortal (Chrono Boost)  
  38  3:35  Probe  
  38  3:36  Probe  
  40  3:46  Pylon  
  40  3:52  Probe  
  41  3:57  Immortal (Chrono Boost)  
  45  4:04  Probe  
  45  4:06  Pylon  
  46  4:10  Probe  
  46  4:16  Probe  
  48  4:23  Robotics Bay, Warp Gate (Chrono Boost)  
  48  4:29  Gateway  
  48  4:33  Gateway  
  48  4:40  Probe x2  
  48  4:44  Warp Prism  
  52  4:52  Probe x2  
  54  4:58  Stalker (Chrono Boost)  
  56  5:07  Probe  
  56  5:11  Assimilator  
  57  5:14  Pylon  
  57  5:17  Pylon, Assimilator  
  57  5:20  Disruptor  
  60  5:22  Extended Thermal Lance (Chrono Boost)  
  60  5:27  Probe x2  
  62  5:39  Probe  
  63  5:43  Probe  
  64  5:50  Pylon  
  64  5:51  Probe  
  64  5:55  Probe  
  66  5:57  Colossus (Chrono Boost)  
  72  6:12  Gateway  
  72  6:14  Gateway  
  72  6:15  Gateway  
  66  6:22  Stalker x2  
  66  6:23  Stalker  
Tags
 
Add a new tag
Caveats
  • Supply blocks, unpowered buildings, or Contaminate may cause inaccurate times.
  • Supply counts are checked every 10 seconds.